AoeStats
← kjubab

Oasis

509418903Analyzed
2v2 RM · 7d ago on Sep 26, 2026· 43m 17s· 4 players
Game mode
Random Map
Map size
Medium (4 player)
Population
200
Speed
Normal
Resources
Standard
Victory
Conquest
Starting age
Dark Age
Ending age
Imperial Age
RankedLock teamsTeams togetherTeam positionsShared explorationLock speedFull tech treeHidden civsTurbo modeCheats
Victory
Defeat
🇨🇿 Khmer · Czechia
731
+17
🇨🇿 Byzantines · Czechia
685
+19
🇸🇪 Romans · Sweden
806
-21
🇸🇪 Varangians · Sweden
685
-15
kjubab
10:39 Feudal Age
9:43 Loom
11:16 Double-Bit Axe
12:39 Bloodlines
14:54 Scale Barding Armor
16:31 Forging
27:49 Castle Age
26:22 Horse Collar
27:01 Fletching
31:20 Imperial Age
32:12 Chain Barding Armor
32:27 Iron Casting
31:53 Bodkin Arrow
32:38 Husbandry
35:30 Wheelbarrow
36:38 Plate Barding Armor
36:04 Bracer
35:52 Elite Ballista Elephant
37:04 Conscription
37:17 Double Crossbow
39:38 Heavy Plow
39:56 Bow Saw
41:26 Hand Cart
Kedrgda
0:41 Loom
13:48 Feudal Age
15:14 Gold Mining
21:46 Castle Age
21:08 Stone Mining
22:28 Scale Mail Armor
22:39 Forging
24:42 Double-Bit Axe
27:19 Wheelbarrow
27:20 Horse Collar
28:17 Arson
29:50 Squires
32:15 Bow Saw
32:40 Heavy Plow
33:01 Chain Mail Armor
33:24 Pikeman
36:14 Iron Casting
38:12 Imperial Age
36:37 Scale Barding Armor
36:27 Elite Skirmisher
38:07 Gambesons
39:27 Gold Shaft Mining
39:28 Stone Shaft Mining
39:17 Hand Cart
39:35 Halberdier
40:45 Padded Archer Armor
40:36 Fletching
42:30 Leather Archer Armor
42:12 Bodkin Arrow
43:56 Two-Man Saw
Yung Torsten
11:28 Feudal Age
12:47 Wheelbarrow
13:27 Gold Mining
14:15 Loom
14:35 Double-Bit Axe
22:11 Castle Age
21:35 Stone Mining
22:27 Scale Mail Armor
22:44 Forging
22:49 Padded Archer Armor
23:50 Bow Saw
24:22 Stone Shaft Mining
25:10 Squires
26:39 Leather Archer Armor
26:40 Chain Mail Armor
26:24 Horse Collar
27:33 Husbandry
28:56 Hand Cart
29:59 Pikeman
35:02 Bloodlines
35:35 Town Watch
36:13 Ballistics
38:01 Vendel Legacy
43:44 Imperial Age
42:25 Arson
Keni♿
6:09 Loom
11:19 Feudal Age
12:04 Horse Collar
12:11 Double-Bit Axe
15:48 Gold Mining
26:23 Stone Mining
30:56 Castle Age
31:14 Forging
33:12 Gold Shaft Mining
34:07 Heavy Plow
34:20 Bow Saw
33:51 Pikeman
34:32 Squires
35:07 Scale Mail Armor
35:43 Iron Casting
43:22 Imperial Age
Connection lost

Rejoining the realm…

Still unreachable

The connection could not be restored.

Session expired

The server has moved on; the page needs a fresh start.